 Dungeon Crawl Stone Soup version 0.30.1-11-g7821555f0a (webtiles) character file.

Game seed: 18110993459689538919

1710 hawla the Basher (level 8, 0/71 HPs)
             Began as a Red Draconian Conjurer on Jan 8, 2024.
             Slain by Edmund
             ... wielding a +2 dire flail of distortion
              (5 damage)
             ... on level 5 of the Dungeon.
             The game lasted 00:13:22 (4873 turns).

hawla the Basher (Red Draconian Conjurer)           Turns: 4873, Time: 00:13:23

Health: 0/71       AC: 10    Str:  9    XL:     8   Next: 74%
Magic:  3/13       EV: 13    Int: 21    God:
Gold:   175        SH:  0    Dex: 10    Spells: 7/14 levels left

rFire   + . .        a - +6 short sword (flame)
rCold   . . .        (no shield)
rNeg    . . .        (body armour unavailable)
rPois   .            (helmet restricted)
rElec   .            (no cloak)
rCorr   .            (no gloves)
SInv    .            (no boots)
Will    .....        (no amulet)
Stlth   ++           o - +4 ring of protection
HPRegen 0.31/turn    (no ring)
MPRegen 0.13/turn

%: no passive effects
@: very slightly contaminated
A: breathe fire, AC +6, unfitting armour, fire resistance 1, cold-blooded
a: Breathe Fire


You were on level 5 of the Dungeon.
You visited 1 branch of the dungeon, and saw 5 of its levels.

You collected 175 gold pieces.

Inventory:

Hand Weapons
 a - a +6 short sword of flaming (weapon)
 c - a +2 rapier of electrocution
 h - a +1 dagger of venom
 n - the +6 shillelagh "Devastator" {shatter}
   (You found it on level 4 of the Dungeon)
Jewellery
 o - a +4 ring of protection (left hand)
Scrolls
 d - a scroll of fear {unknown}
 f - a scroll of acquirement {unknown}
 g - a scroll of magic mapping
 i - a scroll of blinking {unknown}
 j - a scroll of fog {unknown}
 k - 2 scrolls of enchant armour {unknown}
 p - a scroll of immolation {unknown}
Potions
 e - a potion of flight
 l - 2 potions of attraction


   Skills:
 + Level 6.7 Fighting
 + Level 2.0 Short Blades
 + Level 8.5 Maces & Flails
 + Level 6.5 Dodging
 + Level 3.1 Stealth
 + Level 3.6 Spellcasting
 + Level 5.7 Conjurations
 + Level 2.9 Translocations
 + Level 3.0 Evocations


You had 7 spell levels left.
You knew the following spells:

 Your Spells              Type           Power      Damage    Failure   Level
a - Magic Dart            Conj           100%       1d8       1%          1
b - Searing Ray           Conj           54%        2d6       1%          2
c - Iskenderun's Mystic   Conj/Tloc      22%        2d6       21%         4

Your spell library contained the following spells:

 Spells                   Type           Power      Damage    Failure   Level
 Dazzling Flash           Conj/Hex       30%        N/A       12%         3
 Stone Arrow              Conj/Erth      30%        3d8       12%         3
 Sandblast                Erth           6%         2d5       13%         1
 Passwall                 Tmut/Erth      2%         N/A       19%         2
 Frozen Ramparts          Ice            6%         1d1       36%         3
 Fulminant Prism          Conj/Hex       7%         3d6       36%         4
 Ice Form                 Ice/Tmut       3%         N/A       77%         4
 Summon Ice Beast         Ice/Summ       3%         N/A       77%         4


Dungeon Overview and Level Annotations

Branches:
Dungeon (5/15)
 Temple: D:4-7

Altars:

Shops:
D:2 [

Annotations:
D:5 Edmund, Sigmund


Innate Abilities, Weirdness & Mutations

You can breathe blasts of fire.
Your fiery red scales are hard. (AC +6)
You cannot fit into any form of body armour.
Your flesh is heat resistant. (rF+)
You are cold-blooded and may be slowed by cold attacks.


Message History

As you read the scroll labelled GUCEHU INAOMOF, it crumbles to dust.
It is a scroll of enchant weapon.
Your +5 short sword of flaming glows red for a moment.
Edmund closely misses you. Sigmund misses you.
Your +6 short sword of flaming bursts into flame!
a - a +6 short sword of flaming (weapon)
Edmund hits you with a +2 dire flail of distortion.
You blink.
The dart slug launches a dart at you. The slug dart hits you.
Sigmund casts a spell at you. The magic dart hits you.
The dart slug bites you but does no damage.
You puncture the dart slug! You burn the dart slug.
You kill the dart slug!
Sigmund hits you but does no damage.
It was a potion of experience.
You feel more experienced!
Your Fighting skill gained 5 levels and is now at level 6!
Your Maces & Flails skill gained 8 levels and is now at level 8!
Your Dodging skill gained 3 levels and is now at level 6!
You have reached level 8!
You feel clever.
Edmund mutters, "Who needs spells, anyway?"
Edmund hits you with a +2 dire flail of distortion!
Space warps horribly around you!
* * * LOW HITPOINT WARNING * * *
Okay, then.
Okay, then.
Edmund attacks as you move away! Edmund barely misses you.
Edmund attacks as you move away! Edmund hits you but does no damage.
Space warps around you.
* * * LOW HITPOINT WARNING * * *
You hit Edmund. You burn Edmund.
Edmund is moderately wounded.
Sigmund hits you but does no damage.
Edmund hits you with a +2 dire flail of distortion!
* * * LOW HITPOINT WARNING * * *
Space warps around you.
You die...

#.# #.# ## ###.##
... #....
#.##.#..
#....#.##
#.....##
#...@..#####.
####...@.........
........@........
###........####..
..........###.#..
#............#...
##.........?###..
##...####†##
#.####### ##.#
#$..# ##.......


You could see Edmund and Sigmund.

Vanquished Creatures
  Grinder (D:4)
  Duvessa (D:3)
  A black bear (D:4)
  A phantom (D:4)
  A scorpion (D:4)
  Dowan (D:3)
  A gnoll bouda (D:5)
  An orc wizard (D:3)
  7 adders
  8 gnolls
  5 dart slugs
  5 orcs
  7 ball pythons
  2 endoplasms (D:1)
  4 giant cockroaches
  11 goblins
  5 hobgoblins
  8 jackals (D:4)
  10 kobolds
  2 quokkas
  7 bats
  4 frilled lizards
  5 rats
98 creatures vanquished.

Notes
Turn   | Place    | Note
-------+----------+-------------------------------------------
     0 | D:1      | hawla the Draconian Conjurer began the quest for the Orb.
     0 | D:1      | Reached XP level 1. HP: 14/14 MP: 3/3
   312 | D:1      | Reached XP level 2. HP: 6/20 MP: 0/5
   316 | D:1      | Learned a level 2 spell: Searing Ray
  1419 | D:2      | Reached XP level 3. HP: 26/26 MP: 4/6
  1868 | D:2      | Reached skill level 5 in Conjurations
  1868 | D:2      | Reached XP level 4. HP: 33/33 MP: 2/7
  1873 | D:2      | Learned a level 4 spell: Iskenderun's Mystic Blast
  2098 | D:2      | Found Pulung's Antique Armour Shoppe.
  2593 | D:3      | Reached skill level 1 in Translocations
  2801 | D:3      | Reached skill level 1 in Evocations
  2834 | D:3      | Reached XP level 5. HP: 32/38 MP: 8/8
  3298 | D:4      | Noticed a black bear
  3298 | D:4      | Found the +6 shillelagh "Devastator" {shatter}
  3446 | D:4      | Noticed Grinder
  3452 | D:4      | Paralysed by Grinder for 3 turns
  3456 | D:4      | Killed Grinder
  3457 | D:4      | Reached skill level 1 in Short Blades
  3457 | D:4      | Reached XP level 6. HP: 23/46 MP: 1/10
  3497 | D:4      | Reached skill level 1 in Fighting
  3497 | D:4      | Your scales start taking on a fiery red colour.
  3497 | D:4      | Reached XP level 7. HP: 18/52 MP: 1/11
  3497 | D:4      | Gained mutation: Your flesh is heat resistant. (rF+) [Red
                  | Draconian growth]
  3654 | D:5      | Entered Level 5 of the Dungeon
  3926 | D:4      | Noticed Duvessa
  3926 | D:4      | Noticed Dowan
  4223 | D:3      | Killed Duvessa
  4225 | D:3      | Killed Dowan
  4856 | D:5      | Noticed Sigmund
  4858 | D:5      | Noticed Edmund
  4869 | D:5      | Reached skill level 8 in Maces & Flails
  4869 | D:5      | Reached XP level 8. HP: 40/71 MP: 2/13
  4873 | D:5      | Slain by Edmund

Illustrated notes

Levels and vault maps discovered:
D:1:      wander_arrival_estate, layout_loops_corners, nicolae_hexahallways
D:2:      layout_loops_ring, serial_shops, nicolae_shop_advertising_works
          [nicolae_subvault_shop_adworks]
D:3:      layout_basic, serial_co_window_serial, co_window_paths_b,
          co_window_paths_b, co_window_corner_a, co_window_paths_a,
          co_window_paths_a, co_window_of_opportunity_a, co_window_corner_a,
          co_window_of_opportunity_c, co_window_of_opportunity_b,
          co_window_corner_ca, co_window_4corner_b, glass_columns_a,
          glass_columns_a, chequers_serial_rivers_room_b,
          chequers_serial_rivers_small_b, chequers_serial_rivers_large_a
D:4:      wad_pebble_path, layout_cave_pods, kennysheep_decorative_pillar,
          uniq_grinder, uniq_duvessa
D:5:      layout_loops_ring, vehumet_statue, nicolae_take_the_stairs,
          uniq_edmund, uniq_blork_the_orc, uniq_sigmund, uniq_menkaure

Skill      XL: |  1  2  3  4  5  6  7 |
---------------+----------------------+-----
Dodging        | 2 6 |  6.5
Stealth        | 2 3 |  3.1
Conjurations   | 5 |  5.7
Translocations | 1 2 |  2.9
Evocations     | 1 3 |  3.0
Short Blades   | 1 2 |  2.0
Fighting       | 1 6 |  6.7
Spellcasting   | 3 |  3.6
Maces & Flails | 8 |  8.5

Action                     |  1- 3 |  4- 6 |  7- 9 || total
---------------------------+-------+-------+-------++-------
  Melee: Unarmed           |    32 |       |       ||    32
         Tailslap          |     5 |    11 |     3 ||    19
         Dagger            |     8 |    96 |    46 ||   150
         Short sword       |       |       |     3 ||     3
   Cast: Magic Dart        |    29 |     4 |     3 ||    36
         Searing Ray       |    15 |     2 |     9 ||    26
         Iskenderun's Myst |       |     3 |     6 ||     9
  Evoke: Wand              |       |     1 |     2 ||     3
    Use: Scroll            |       |     7 |     3 ||    10
         Potion            |       |     2 |     7 ||     9
   Stab: Sleeping          |       |     4 |     1 ||     5
 Armour: Skin              |    19 |    43 |    39 ||   101
  Dodge: Dodged            |    25 |    66 |    63 ||   154
